 Dungeon Crawl Stone Soup version 0.30-a0-540-g0af01429fa (webtiles) character file.

Game seed: 1824441817299059150

98 Adrian566 the Sneak (level 4, -1/29 HPs)
             Began as an Octopode Brigand on Dec 25, 2022.
             Shot with a sling bullet by a goblin (5 damage)
             ... led by Robin
             ... on level 3 of the Dungeon.
             The game lasted 00:02:02 (1743 turns).

Adrian566 the Sneak (Octopode Brigand)              Turns: 1743, Time: 00:02:03

Health: -1/29      AC:  1    Str: 10    XL:     4   Next: 71%
Magic:  0/4        EV: 13    Int: 13    God:
Gold:   81         SH:  0    Dex: 15    Spells: 3/3 levels left

rFire   . . .      SeeInvis .    a - +2 dagger
rCold   . . .      Faith    .    (no shield)
rNeg    . . .      Spirit   +    (helmet restricted)
rPois   .          Reflect  .    e - amulet of guardian spirit
rElec   .          Harm     .    (no ring)
rCorr   .          Rampage  .    (no ring)
Will    .....                    (no ring)
Stlth   +++++                    (no ring)
HPRegen 0.24/turn                (no ring)
MPRegen 0.09/turn                (no ring)
                                 (no ring)
                                 (no ring)

@: no status effects
A: almost no armour, amphibious, 8 rings, camouflage 1, gelatinous body 1,
(nimble swimmer 1), tentacles
a: no special abilities


You were on level 3 of the Dungeon.
You visited 1 branch of the dungeon, and saw 3 of its levels.

You collected 81 gold pieces.

Inventory:

Hand Weapons
 a - a +2 dagger (weapon)
Missiles
 b - 9 poisoned darts (quivered)
 c - 3 curare-tipped darts
Jewellery
 e - an amulet of guardian spirit (around mantle)
Scrolls
 d - a scroll of teleportation
 g - a scroll of summoning {unknown}
 h - a scroll of immolation {unknown}
 i - a scroll of amnesia {unknown}


   Skills:
 + Level 2.2 Fighting
 + Level 2.2 Short Blades
 + Level 2.4 Throwing
 + Level 1.5 Dodging
 * Level 7.3 Stealth


You had 3 spell levels left.
You didn't know any spells.
Your spell library was empty.

Dungeon Overview and Level Annotations

Branches:
Dungeon (3/15)

Altars:

Shops:
D:1 =

Annotations:
D:3 Robin


Innate Abilities, Weirdness & Mutations

You cannot wear most types of armour.
You are amphibious.
You can wear up to eight rings at the same time.
Your skin changes colour to match your surroundings (Stealth+).
Your rubbery body absorbs attacks. (AC +1, EV +1)
((You are camouflaged when in or above water. (Stealth+)))
You have tentacles for arms and can constrict up to eight enemies at once.


Message History

You are too injured to fight recklessly!
You are too injured to fight recklessly!
You are too injured to fight recklessly!
You are too injured to fight recklessly!
You are too injured to fight recklessly!
You are too injured to fight recklessly!
You are too injured to fight recklessly!
You are too injured to fight recklessly!
Unknown command.
As you read the scroll labelled ONAUCA JAWNEW, it crumbles to dust.
You feel strangely unstable.
It was a scroll of teleportation.
The goblin barely misses you. The goblin closely misses you. x2
The goblin hits you with a +0 club! The goblin hits you with a +0 club.
* * * LOW HITPOINT WARNING * * *
As you read the scroll labelled YVVOCAZ PYOCI, it crumbles to dust.
You assume a fearsome visage.
Robin looks frightened!
The goblin looks frightened! x6; It was a scroll of fear.
A goblin opens the door.
You see here 5 gold pieces.
Your surroundings suddenly seem different.
A goblin is nearby!
A goblin is nearby!
A goblin is nearby!
You are too injured to fight recklessly!
You are too injured to fight recklessly!
The goblin unwields a +0 club.
The goblin wields a +0 sling.
The goblin shoots a sling bullet.
The sling bullet misses you.
The goblin unwields a +0 sling.
The goblin wields a +0 club.
The goblin hits you but does no damage.
The goblin unwields a +0 club.
The goblin wields a +0 sling.
The goblin shoots a sling bullet.
The sling bullet barely misses you.
The goblin shoots a sling bullet.
The sling bullet hits you.
The goblin shoots a sling bullet.
The sling bullet closely misses you.
The goblin shoots a sling bullet.
The sling bullet hits you!
* * * LOW HITPOINT WARNING * * *
The goblin shoots a sling bullet.
The sling bullet closely misses you.
The goblin shoots a sling bullet.
The sling bullet hits you.
* * * LOW HITPOINT WARNING * * *
The goblin shoots a sling bullet.
The sling bullet hits you.
You die...

####### #...g.#
#.###.# #.# #.#
#.# #.# #.# #.#
#.# #.# #.# #.#
#.#.##.##.##g###@#
....#..........#.#
.#.....##.#.####.#
............ ..#
.......####. ###
............
........# ##
........#
....#[#.#


You could see a goblin.

Vanquished Creatures
  Crazy Yiuf (D:2)
  2 adders (D:2)
  2 worms (D:2)
  2 endoplasms
  A giant cockroach (D:1)
  5 goblins
  2 hobgoblins (D:3)
  6 jackals (D:2)
  6 kobolds
  4 quokkas
  4 ball pythons (D:2)
  2 bats
  A frilled lizard (D:2)
  4 rats (D:2)
42 creatures vanquished.

Notes
Turn   | Place    | Note
-------+----------+-------------------------------------------
     0 | D:1      | Adrian566 the Octopode Brigand began the quest for the Orb.
     0 | D:1      | Reached XP level 1. HP: 14/14 MP: 1/1
    82 | D:1      | Found Xoeh's Jewellery Emporium.
   348 | D:1      | Reached XP level 2. HP: 19/19 MP: 2/2
   772 | D:2      | Reached skill level 6 in Stealth
   830 | D:2      | Reached XP level 3. HP: 24/24 MP: 3/3
  1330 | D:2      | Reached XP level 4. HP: 29/29 MP: 4/4
  1546 | D:2      | Found a runed translucent door.
  1547 | D:2      | Noticed Crazy Yiuf
  1557 | D:2      | Killed Crazy Yiuf
  1558 | D:2      | Reached skill level 7 in Stealth
  1692 | D:3      | Noticed Robin
  1743 | D:3      | Shot with a sling bullet by a goblin

Illustrated notes

Levels and vault maps discovered:
D:1:      sevenhm_arrival_forest_fort_large_2, layout_basic, serial_shops, shop
D:2:      layout_basic, grunt_ministairs_9, kennysheep_generic_room_15,
          uniq_crazy_yiuf_cottage
D:3:      layout_basic, uniq_robin

Skill      XL: |  1  2  3  4 |
---------------+-------------+-----
Stealth        | 6 7 |  7.3
Fighting       | |  2.2
Short Blades   | |  2.2
Throwing       | |  2.4
Dodging        | |  1.5

Action                   |  1- 3 |  4- 6 || total
-------------------------+-------+-------++-------
Melee: Dagger            |    50 |    14 ||    64
       Tentacles         |    13 |     3 ||    16
       Constrict         |    11 |     6 ||    17
  Use: Scroll            |       |     2 ||     2
       Potion            |       |     1 ||     1
 Stab: Sleeping          |    11 |     2 ||    13
Armor: Skin              |     3 |     1 ||     4
Dodge: Dodged            |    27 |    22 ||    49

Table legend: (Time is in decaauts)
 A = Elapsed time spent in this place.
 B = Non-inter-level travel time spent in this place.
 C = Inter-level travel time spent in this place.
 D = Time resting spent in this place.
 E = Time spent auto-exploring this place.
 F = Levels seen in this place.
 G = Mean time per level.
                   A        B        C        D        E       F      G
               +--------+--------+--------+--------+--------+-----+--------+
         Total |   1749 |   1638 |    111 |     28 |   1348 |   3 |  583.0 |
       Dungeon |   1749 |   1638 |    111 |     28 |   1348 |   3 |  583.0 |
               +--------+--------+--------+--------+--------+-----+--------+

Top non-repeatable levels by time:
     D:2: 978 daAuts
     D:1: 712 daAuts
     D:3: 59 daAuts
